 Dungeon Crawl Stone Soup version 0.27-a0-1416-g941b2bd30b (webtiles) character file.

Game seed: 5213044383091071986

40 night the Insei (level 3, 0/23 HPs)
             Began as an Octopode Transmuter on July 1, 2021.
             Succumbed to a goblin's poison
             ... on level 1 of the Dungeon.
             The game lasted 00:04:21 (1299 turns).

night the Insei (Octopode Transmuter)               Turns: 1299, Time: 00:04:21

Health: 0/23       AC:  1    Str:  9    XL:     3   Next: 50%
Magic:  2/7        EV: 13    Int: 16    God:
Gold:   41         SH:  0    Dex: 12    Spells: 5/7 levels left

rFire    . . .     SeeInvis .     - Unarmed
rCold    . . .     Faith    .   (no shield)
rNeg     . . .     Spirit   .   (helmet currently unavailable)
rPois    .         Reflect  .   (no amulet)
rElec    .         Harm     .   (no ring)
rCorr    .         Rampage  .   (no ring)
Will     .....                  (no ring)
Stlth    ++........             (no ring)
HPRegen  0.07/turn              (no ring)
MPRegen  0.10/turn              (no ring)
                                (no ring)
                                (no ring)

@: mighty, lethally poisoned (0 -> -1), appendages (expiring), attractive
A: tentacle spike 3, almost no armour, amphibious, 8 rings, camouflage 1,
gelatinous body 1, (nimble swimmer 1), tentacles
a: End Transformation


You were on level 1 of the Dungeon.
One of your tentacles had grown a beastly spike.
You visited 1 branch of the dungeon, and saw 1 of its levels.

You collected 41 gold pieces.

Inventory:

Missiles
 b - 4 javelins (quivered)
 c - 21 stones
 d - 16 poisoned darts
Scrolls
 a - a scroll of identify
Potions
 f - a potion of cancellation


   Skills:
 - Level 1.0 Fighting
 - Level 2.0 Dodging
 - Level 3.0 Unarmed Combat
 + Level 2.8 Spellcasting
 + Level 2.9 Transmutations
 + Level 0.2 Ice Magic


You had 5 spell levels left.
You knew the following spells:

 Your Spells              Type           Power      Damage    Failure   Level
a - Sting                 Tmut/Pois      28%        1d4       11%         1
b - Beastly Appendage     Tmut           22%        N/A       5%          1

Your spell library contained the following spells:

 Spells                   Type           Power      Damage    Failure   Level
 Wereblood                Tmut           11%        N/A       9%          2
 Foxfire                  Conj/Fire      8%         2x1d4     19%         1
 Poisonous Vapours        Pois/Air       4%         N/A       28%         2
 Spider Form              Tmut/Pois      3%         N/A       30%         3
 Conjure Flame            Conj/Fire      2%         6-21      50%         3
 Inner Flame              Hex/Fire       2%         N/A       50%         3
 Ice Form                 Ice/Tmut       7%         N/A       69%         4
 Olgreb's Toxic Radiance  Pois           2%         N/A       88%         4


Dungeon Overview and Level Annotations

Branches:
Dungeon (1/15)

Altars:


Innate Abilities, Weirdness & Mutations

One of your tentacles has grown a beastly spike.
You cannot wear most types of armour.
You are amphibious.
You can wear up to eight rings at the same time.
Your skin changes colour to match your surroundings (Stealth+).
Your rubbery body absorbs attacks. (AC +1, EV +1)
((You are camouflaged near water. (Stealth+)))
You have tentacles for arms and can constrict up to eight enemies at once.


Message History

Confirm with . or Enter, or press ? or * to list all spells.
Aiming: Sting (safe; 11% risk of failure)
Press: ? - help, Shift-Dir - straight line, f - goblin
Aim: a goblin, wielding a +2 dagger of venom (60% to hit)
The sting misses the goblin.
The goblin hits you with a +2 dagger of venom.
You are poisoned.
Your magical contamination has completely faded away.
Casting: Sting (safe; 11% risk of failure)
Confirm with . or Enter, or press ? or * to list all spells.
Aiming: Sting (safe; 11% risk of failure)
Press: ? - help, Shift-Dir - straight line, f/p - goblin
Aim: a goblin, wielding a +2 dagger of venom (60% to hit)
The sting hits the goblin.
The goblin is poisoned.
The goblin is moderately wounded.
You feel very sick.
The goblin hits you with a +2 dagger of venom.
You feel very sick.
You feel sick.
* * * LOW HITPOINT WARNING * * *
You feel sick.
You barely miss the goblin. Your grab misses the goblin.
You pierce the goblin.
The goblin is almost dead.
* * * LOW HITPOINT WARNING * * *
You feel sick.
You kill the goblin!
It was a potion of might.
You feel very mighty all of a sudden.
* * * LOW HITPOINT WARNING * * *
You feel sick.
It was a potion of attraction.
You feel attractive to monsters.
* * * LOW HITPOINT WARNING * * *
You feel sick.
* * * LOW HITPOINT WARNING * * *
You feel sick.
Things that are here:
a +2 dagger of venom; a goblin corpse Your transformation is almost over.
You die...

..####.###### #.#.# #.#.
............# #.#.# #.#.
######.####.#
#.#.########.#. #.# #.#
##.#.##......... #.#
#.######....##.#####.## #.#
#...........##†# #.# #.#
########...###>#####.#
#.############............#
#........†.@).......#######
##################


There were no monsters in sight!

Vanquished Creatures
  3 endoplasms (D:1)
  2 giant cockroaches (D:1)
  5 goblins (D:1)
  2 hobgoblins (D:1)
  4 jackals (D:1)
  5 kobolds (D:1)
  2 ball pythons (D:1)
  5 bats (D:1)
  4 frilled lizards (D:1)
  4 rats (D:1)
36 creatures vanquished.

Notes
Turn   | Place    | Note
-------+----------+-------------------------------------------
     0 | D:1      | night the Octopode Transmuter began the quest for the Orb.
     0 | D:1      | Reached XP level 1. HP: 13/13 MP: 3/3
   125 | D:1      | Reached XP level 2. HP: 18/18 MP: 3/5
   543 | D:1      | Learned a level 1 spell: Sting
   584 | D:1      | Reached XP level 3. HP: 23/23 MP: 2/6
  1296 | D:1      | HP: 3/23 [poisoned by a goblin]
  1298 | D:1      | HP: 1/23 [poisoned by a goblin]
  1299 | D:1      | Succumbed to a goblin's poison

Illustrated notes

Levels and vault maps discovered:
D:1:      saegor_arrival_miasma, layout_loops_ring, minmay_unequal

Action                   || total
-------------------------++-------
Melee: Unarmed           ||    49
       Constrict         ||    14
       Kick              ||     9
       Tentacles         ||     5
       Short sword       ||     1
       Punch             ||     1
 Cast: Beastly Appendage ||    15
       Sting             ||    18
  Use: Scroll            ||     3
       Potion            ||     2
 Stab: Sleeping          ||     4
Armor: Skin              ||     6
Dodge: Dodged            ||    32

Table legend: (Time is in decaauts)
 A = Elapsed time spent in this place.
 B = Non-inter-level travel time spent in this place.
 C = Inter-level travel time spent in this place.
 D = Time resting spent in this place.
 E = Time spent auto-exploring this place.
 F = Levels seen in this place.
 G = Mean time per level.
                   A        B        C        D        E       F      G
               +--------+--------+--------+--------+--------+-----+--------+
         Total |   1295 |   1295 |      0 |     17 |   1044 |   1 | 1295.0 |
       Dungeon |   1295 |   1295 |      0 |     17 |   1044 |   1 | 1295.0 |
               +--------+--------+--------+--------+--------+-----+--------+

Top non-repeatable levels by time:
     D:1: 1295 daAuts
